 Dungeon Crawl Stone Soup version 0.28.0-43-g3370ac3207 (webtiles) character file.

Game seed: 8776001960062378037

2033 Peloso the Carver (level 9, -5/70 HPs)
             Began as a Minotaur Fighter on Mar 14, 2022.
             Slain by Maggie
             ... wielding the +9 lance "Wyrmbane" {slay drac, rPois rF+ rC+ AC+3}
              (7 damage)
             ... on level 6 of the Dungeon.
             The game lasted 00:12:30 (8100 turns).

Peloso the Carver (Minotaur Fighter)                Turns: 8100, Time: 00:12:30

Health: -5/70      AC: 10    Str: 23    XL:     9   Next: 3%
Magic:  7/7        EV: 10    Int:  7    God:
Gold:   195        SH:  5    Dex: 12    Spells: 8/8 levels left

rFire   . . .      SeeInvis .   a - +0 long sword
rCold   . . .      Faith    .   c - +0 buckler
rNeg    . . .      Spirit   .   b - +0 scale mail
rPois   .          Reflect  .   (helmet restricted)
rElec   .          Harm     .   e - +0 cloak
rCorr   .          Rampage  .   (no gloves)
Will    .....                   h - +0 pair of boots
Stlth   ..........              (no amulet)
HPRegen 0.21/turn               (no ring)
MPRegen 0.10/turn               (no ring)

@: mighty, mesmerised
A: horns 2, retaliatory headbutt, clever 1, frail 1, low MP 1, evolution 1
a: no special abilities


You were on level 6 of the Dungeon.
You visited 1 branch of the dungeon, and saw 6 of its levels.

You collected 195 gold pieces.

Inventory:

Hand Weapons
 a - a +0 long sword (weapon)
Armour
 b - a +0 scale mail (worn)
 c - a +0 buckler (worn)
 e - a +0 cloak (worn)
 h - a +0 pair of boots (worn)
Jewellery
 f - a ring of magical power
Scrolls
 k - 2 scrolls of immolation
 n - 3 scrolls of noise
 o - a scroll of holy word
 p - a scroll of acquirement
 q - a scroll of teleportation
 s - a scroll of magic mapping {unknown}
 u - a scroll of blinking {unknown}
Potions
 l - 3 potions of lignification


   Skills:
 + Level 6.8 Fighting
 + Level 9.2 Long Blades
 + Level 7.9 Armour
 + Level 3.1 Dodging
 + Level 1.4 Stealth
 + Level 5.6 Shields


You had 8 spell levels left.
You didn't know any spells.
Your spell library was empty.

Dungeon Overview and Level Annotations

Branches:
Dungeon (6/15)
 Temple: D:4-7

Altars:
Dithmenos

Shops:
D:3 (

Annotations:
D:4 2 transporters, Blork the orc; Dowan; Duvessa; EnergyMaker's ghost, novice GrFi
D:6 Maggie


Innate Abilities, Weirdness & Mutations

You have a pair of horns on your head.
You reflexively headbutt those who attack you in melee.
Your mind is acute. (Int +2)
You are frail. (-10% HP)
Your magical capacity is low. (-10% MP)
You have hidden genetic potential.


Message History

You kill the hound!
Maggie hits you with the +9 lance "Wyrmbane" {slay drac, rPois rF+ rC+ AC+3}!
The centaur closely misses you. You furiously retaliate!
You headbutt the centaur. The centaur completely misses you.
You barely miss Maggie. You headbutt Maggie!!
Maggie is severely wounded.
You block the centaur's attack.
The centaur kicks you but does no damage.
Maggie gestures at you while chanting. The bolt of fire misses you.
You block the ogre's attack.
You slash Maggie!
Maggie is almost dead.
The centaur closely misses you. You furiously retaliate!
You headbutt the centaur!!
You kill the centaur!
Maggie gestures wildly while chanting.
Maggie draws you further into her thrall.
You have reached level 9!
Your experience leads to an increase in your attributes!
Your base attributes are Str 21, Int 5, Dex 12.
Increase (S)trength, (I)ntelligence, or (D)exterity?
You feel stronger. x2
You slash the ogre!
The ogre is heavily wounded.
The ogre hits you with a +0 giant spiked club.
Maggie gestures at you while chanting. The bolt of fire hits you!
* * * LOW HITPOINT WARNING * * *
Unknown command.
You hit Maggie but do no damage. Your headbutt misses Maggie.
Maggie is almost dead.
The ogre hits you with a +0 giant spiked club.
* * * LOW HITPOINT WARNING * * *
Maggie hits you but does no damage.
Unknown command.
You hit Maggie. Your headbutt misses Maggie.
Maggie is almost dead.
The ogre closely misses you.
Maggie hits you with the +9 lance "Wyrmbane" {slay drac, rPois rF+ rC+ AC+3}!
You die...

#..........
#.######### ########.#
#........######
#.#####.......#### #.#
##.###......
#######.#####.##
##.....
..............# #.####
#######@#####.## ##.#
# #..)@O......###.##
##
#.......###.....#####.
.....##.#.#
#........... ####.
..... #.#########. #
#.....#.# #. ... ....#
#. ........# #. .....
#.


You could see Maggie (mesmerising) and an ogre.

Vanquished Creatures
  2 slime creatures (D:5)
  An ice beast (D:6)
  A sky beast (D:5)
  A necrophage (D:5)
  An ogre (D:5)
  2 centaurs (D:6)
  2 phantoms
  3 kobold brigands
  A bullfrog (D:6)
  A gnoll sergeant (D:6)
  5 jellies
  A bullfrog zombie (D:5)
  2 centaur zombies (D:6)
  5 hounds
  An orc wizard (D:6)
  A killer bee zombie (D:6)
  5 gnolls
  5 adders
  An ufetubus (D:4)
  3 dart slugs
  10 orcs
  6 ball pythons
  8 endoplasms
  A giant cockroach (D:3)
  A hobgoblin (D:1)
  4 quokkas
  7 bats
  3 frilled lizards
  3 goblins
  18 kobolds
  8 rats
113 creatures vanquished.

Vanquished Creatures (others)
  8 fungi (D:5)
  8 toadstools (D:5)
16 creatures vanquished.

Grand Total: 129 creatures vanquished

Notes
Turn   | Place    | Note
-------+----------+-------------------------------------------
     0 | D:1      | Peloso the Minotaur Fighter began the quest for the Orb.
     0 | D:1      | Reached XP level 1. HP: 19/19 MP: 0/0
   181 | D:1      | Reached XP level 2. HP: 27/27 MP: 1/1
  1122 | D:2      | Reached XP level 3. HP: 33/33 MP: 2/2
  1344 | D:3      | Reached skill level 3 in Long Blades
  1647 | D:3      | Found Ceeteust's Weapon Shoppe.
  1954 | D:3      | Found a shadowy altar of Dithmenos.
  2018 | D:3      | Reached XP level 4. HP: 39/40 MP: 3/3
  2463 | D:4      | Noticed a phantom
  2476 | D:4      | Killed a phantom
  2477 | D:4      | Reached skill level 4 in Long Blades
  2477 | D:4      | Reached XP level 5. HP: 30/47 MP: 4/4
  2646 | D:4      | Reached skill level 5 in Armour
  2832 | D:4      | Noticed EnergyMaker's ghost (novice GrFi)
  2846 | D:4      | Found a transporter.
  2850 | D:4      | Noticed Duvessa
  2851 | D:4      | Noticed Dowan
  3173 | D:4      | Found a transporter.
  3440 | D:5      | Entered Level 5 of the Dungeon
  3449 | D:5      | Reached skill level 1 in Dodging
  3622 | D:5      | Noticed a sky beast
  3638 | D:5      | Killed a sky beast
  3639 | D:5      | Reached skill level 5 in Long Blades
  3639 | D:5      | Reached XP level 6. HP: 36/53 MP: 5/5
  3648 | D:5      | Identified a scroll of acquirement
  4047 | D:5      | Reached skill level 5 in Fighting
  4047 | D:5      | Reached XP level 7. HP: 47/61 MP: 6/6
  4150 | D:5      | Reached skill level 6 in Long Blades
  4235 | D:5      | Noticed a slime creature
  4235 | D:5      | Noticed a slime creature
  4263 | D:5      | Killed a slime creature
  4264 | D:5      | Reached skill level 7 in Long Blades
  4586 | D:5      | HP: 2/61 [slime creature (11)]
  4911 | D:4      | Noticed Blork the orc
  5062 | D:5      | Reached XP level 8. HP: 63/69 MP: 7/7
  5441 | D:5      | Reached skill level 5 in Shields
  5518 | D:5      | Killed a slime creature
  5519 | D:5      | Reached skill level 8 in Long Blades
  5519 | D:5      | Reached skill level 1 in Stealth
  7439 | D:6      | Gained mutation: You are frail. (-10% HP) [potion of
                  | mutation]
  7439 | D:6      | Gained mutation: You have hidden genetic potential. [potion
                  | of mutation]
  7439 | D:6      | Gained mutation: Your magical capacity is low. (-10% MP)
                  | [potion of mutation]
  7439 | D:6      | Gained mutation: Your mind is acute. (Int +2) [potion of
                  | mutation]
  7445 | D:6      | HP: 2/63 [poisoned by a gnoll sergeant]
  8007 | D:6      | Reached skill level 9 in Long Blades
  8087 | D:6      | Noticed Maggie
  8098 | D:6      | Reached XP level 9. HP: 29/70 MP: 7/7
  8099 | D:6      | HP: 2/70 [ogre/+0 giant spiked club (6)]
  8100 | D:6      | Slain by Maggie

Illustrated notes

Levels and vault maps discovered:
D:1:      ncdulo_wetmaze, layout_basic, hangedman_decor_riveting
D:2:      layout_basic, item_on_display_a
D:3:      layout_basic, nicolae_dithmenos_through_a_glass_darkly, serial_shops,
          nicolae_shop_window_shopping, st_stairs_6
D:4:      layout_cave_pods, gammafunk_ghost_arena, hex_large, uniq_duvessa,
          uniq_blork_the_orc
D:5:      cheibrodos_fertilizer, layout_basic, serial_co_window_serial,
          co_window_paths_a, co_window_corner_a, co_window_corner_a,
          co_window_cross_1, co_window_corner_a, co_window_corner_a,
          co_window_corner_a, co_window_unsneaky_path_e, co_window_2corner,
          co_window_cross_4, co_window_corner_b, co_window_corner_b,
          minmay_statues_item
D:6:      layout_loops_ring, uniq_maggie

Skill      XL: |  1  2  3  4  5  6  7  8 |
---------------+-------------------------+-----
Fighting       | 4 5 6 |  6.8
Shields        | 4 5 |  5.6
Armour         | 4 5 6 7 |  7.9
Long Blades    | 3 4 5 7 9 |  9.2
Dodging        | 1 2 3 |  3.1
Stealth        | 1 |  1.4

Action                   |  1- 3 |  4- 6 |  7- 9 || total
-------------------------+-------+-------+-------++-------
Melee: Long sword        |    70 |    79 |   205 ||   354
       Headbutt          |     8 |     9 |    40 ||    57
  Use: Scroll            |     3 |     5 |     5 ||    13
       Potion            |       |       |    10 ||    10
Armor: Scale mail        |    37 |    50 |    77 ||   164
       Skin              |       |       |    11 ||    11
Dodge: Dodged            |    27 |    28 |    94 ||   149
Block: Buckler           |    17 |    15 |    50 ||    82
